 Dungeon Crawl Stone Soup version 0.17.0-28-g6e173f8 (webtiles) character file.

144 septik the Digger (level 5, 0/28 HPs)
             Began as a Gargoyle Earth Elementalist on Nov 30, 2015.
             Slain by a worker ant (3 damage)
             ... on level 3 of the Dungeon.
             The game lasted 00:07:18 (3706 turns).

septik the Digger (Gargoyle Earth Elementalist)     Turns: 3706, Time: 00:07:18

Health: 0/28       AC:  7    Str: 12    XL:     5   Next: 27%
Magic:  9/10       EV: 12    Int: 16    God:
Gold:   115        SH:  0    Dex: 10    Spells: 3 memorised, 5 levels left

rFire  . . .     SeeInvis .     b - 135 stones
rCold  . . .     Clarity  .     j - +0 robe
rNeg   + . .     SustAt   .     (no shield)
rPois  ∞         Gourm    .     (no helmet)
rElec  +         Spirit   .     (no cloak)
rCorr  .         Warding  .     f - +0 pair of gloves
rMut   .         Stasis   .     (no boots)
MR     .....                    (no amulet)
Stlth  ++........               (no ring)
                                (no ring)

@: not resistant to hostile enchantments, unstealthy
A: negative energy resistance 1, electricity resistance, unbreathing,
petrification resistance, rot immunity, AC +4
a: no special abilities


You were on level 3 of the Dungeon.
You were hungry.

You visited 1 branch of the dungeon, and saw 3 of its levels.

You collected 115 gold pieces.

Inventory:

Hand Weapons
 a - a +0 club
 t - a +0 blowgun
Missiles
 b - 135 stones (in hand)
 r - 28 poisoned needles
Armour
 f - a +0 pair of gloves (worn)
 g - a +1 scale mail of fire resistance
 j - a +0 robe (worn)
 q - a +1 leather armour of magic resistance
 u - a +0 gold dragon armour
Scrolls
 e - a scroll of fear {unknown}
 l - 2 scrolls of remove curse {unknown}
 o - a scroll of magic mapping {unknown}
Potions
 i - a potion of lignification {unknown}
 k - a potion of brilliance {unknown}
 m - a potion of might {unknown}
 p - a potion of degeneration {unknown}
Books
 c - a book of Geomancy

   Spells                             Type                      Level
   a - Sandblast                      Earth                        1
   b - Stoneskin                      Transmutation/Earth          2
   c - Passwall                       Transmutation/Earth          3
   d - Stone Arrow                    Conjuration/Earth            3
   e - Petrify                        Transmutation/Earth          4
   f - Lee's Rapid Deconstruction     Earth                        5
Comestibles
 d - a bread ration
 h - 2 meat rations
 n - a fruit
 s - 2 chunks of flesh


   Skills:
 - Level 1.5 Dodging
 - Level 2.1 Stealth
 * Level 3.6 Spellcasting
 * Level 1.2 Conjurations
 - Level 0.7 Transmutations
 + Level 5.3 Earth Magic


You had 5 spell levels left.
You knew the following spells:

 Your Spells              Type           Power        Failure   Level  Hunger
a - Sandblast             Erth           ###...       1%          1    None
b - Stoneskin             Trmt/Erth      ##......     10%         2    ##.....
c - Stone Arrow           Conj/Erth      ##....       14%         3    ###....


Dungeon Overview and Level Annotations

Branches:
Dungeon (3/15)

Altars:
Dithmenos


Innate Abilities, Weirdness & Mutations

You are resistant to torment.
Your stone body is resilient (AC +4).
You are immune to poison.
You resist negative energy.
You are resistant to electric shocks.
You can survive without breathing.
You are immune to petrification.
You are immune to rotting.


Message History

You throw a stone.
The stone barely misses the hound skeleton.
The worker ant bites you but does no damage.
The hound skeleton bites you.
* * * LOW HITPOINT WARNING * * *
Throwing (i - inventory):
b - 136 stones (in hand)
Press: ? - help, Shift-Dir - straight line, f/p - hound skeleton
Aim: a hound skeleton
Okay, then.
Unknown command.
Casting: Sandblast
Confirm with . or Enter, or press ? or * to list all spells.
Aiming: Sandblast
Press: ? - help, Shift-Dir - straight line, f/p - hound skeleton
Aim: a hound skeleton The rocky blast hits the hound skeleton.
You destroy the hound skeleton!
Your Conjurations skill increases to level 1!
The worker ant bites you.
You die...

#.....#.##'#.##'#.##+#.##'#.##
#...<.#......†................
#.....#.##'#.##'#.##+#.##'#.##
#.....#.#..#.#.)#.#..#.#..#.#.
#.....#.#..'.'..#.#..'.+..#.#8
#.....#.####.####.####.####.##
#####.#....[..................
#.#.######################
#.(.....(@a...........##..
##.....######.#####...##.#
#.....# #.#.........$# #.....#
#.#.#......... #.....# #.#
#.#####..# #.....# #.# #.
##.... ......# ... #. #%..÷%
........ ... # #!8... ........
#.....


You could see a worker ant.

Vanquished Creatures
  Natasha (twice) (D:2)
  A hound skeleton (D:3)
  An adder (D:3)
  2 oozes
  3 worms
  2 giant geckos
  4 orcs (D:2)
  5 bats
  14 goblins
  7 hobgoblins
  3 jackals (D:2)
  2 quokkas (D:3)
  A ball python (D:2)
  2 giant cockroaches
  4 giant newts
  9 kobolds
  6 rats
68 creatures vanquished.

Notes
Turn   | Place    | Note
--------------------------------------------------------------
     0 | D:1      | septik the Gargoyle Earth Elementalist began the quest for the Orb.
     0 | D:1      | Reached XP level 1. HP: 10/10 MP: 3/3
   198 | D:1      | Reached XP level 2. HP: 15/15 MP: 0/5
   210 | D:1      | Reached skill level 4 in Earth Magic
   677 | D:1      | Reached XP level 3. HP: 19/19 MP: 1/6
  1600 | D:2      | Found a shadowy altar of Dithmenos.
  1820 | D:2      | Reached XP level 4. HP: 18/24 MP: 8/8
  2240 | D:2      | Noticed Natasha
  2242 | D:2      | Killed Natasha
  2242 | D:2      | Reached skill level 5 in Earth Magic
  2395 | D:2      | Noticed Natasha
  2399 | D:2      | Killed Natasha
  2725 | D:2      | Found a shadowy altar of Dithmenos.
  3294 | D:2      | Learned a level 2 spell: Stoneskin
  3298 | D:2      | Learned a level 3 spell: Stone Arrow
  3504 | D:3      | Reached XP level 5. HP: 28/28 MP: 6/10
  3706 | D:3      | Reached skill level 1 in Conjurations
  3706 | D:3      | Slain by a worker ant

Action                   |  1- 3 |  4- 6 || total
-------------------------+-------+-------++-------
Melee: Unarmed           |    12 |       ||    12
       Club              |   117 |    73 ||   190
Throw: Stone             |       |     6 ||     6
 Cast: Sandblast         |    42 |    59 ||   101
 Stab: Sleeping          |     3 |     1 ||     4
  Eat: Chunk             |     3 |     5 ||     8
       Fruit             |       |     1 ||     1
